 Dungeon Crawl Stone Soup version 0.30-b1-2-g02819fbbbe (webtiles) character file.

Game seed: 14568732086208962922

102 Anon1729 the Ducker (level 4, 0/40 HPs)
             Began as a Minotaur Monk on July 13, 2023.
             Slain by an adder (4 damage)
             ... on level 3 of the Dungeon.
             The game lasted 00:01:32 (2358 turns).

Anon1729 the Ducker (Minotaur Monk)                 Turns: 2358, Time: 00:01:32

Health: 0/40       AC:  2    Str: 15    XL:     4   Next: 50%
Magic:  12/12      EV: 13    Int:  7    God:
Gold:   117        SH:  0    Dex: 15    Spells: 3/3 levels left

rFire   . . .        m - +4 dagger
rCold   . . .        d - orb {light}
rNeg    . . .        b - +0 robe
rPois   .            (helmet restricted)
rElec   .            (no cloak)
rCorr   .            (no gloves)
SInv    .            (no boots)
Will    .....        (no amulet)
Stlth   +            i - ring of magical power
HPRegen 0.26/turn    h - ring of flight
MPRegen 0.13/turn

%: no passive effects
@: flying, glowing
A: horns 2, retaliatory headbutt
a: no special abilities


You were on level 3 of the Dungeon.
You visited 1 branch of the dungeon, and saw 3 of its levels.

You collected 117 gold pieces.

Inventory:

Hand Weapons
 a - a +0 hand axe
 m - a +4 dagger (weapon)
Missiles
 n - 5 atropa-tipped darts (quivered)
Armour
 b - a +0 robe (worn)
 d - an orb of light (worn)
Jewellery
 h - a ring of flight (right hand)
 i - a ring of magical power (left hand)
Wands
 s - a wand of charming (7)
Scrolls
 e - a scroll of enchant armour {unknown}
 f - 3 scrolls of blinking {unknown}
 j - a scroll of immolation {unknown}
 k - 2 scrolls of teleportation {unknown}
 l - 2 scrolls of poison {unknown}
 o - 4 scrolls of identify {unknown}
 q - a scroll of vulnerability {unknown}
 t - a scroll of fear {unknown}
Potions
 g - a potion of might {unknown}
 p - a potion of attraction {unknown}
 r - a potion of invisibility {unknown}


   Skills:
 + Level 4.2 Fighting
 + Level 1.6 Short Blades
 - Level 3.6 Axes
 + Level 1.7 Armour
 * Level 4.3 Dodging
 + Level 1.3 Invocations


You had 3 spell levels left.
You didn't know any spells.
Your spell library was empty.

Dungeon Overview and Level Annotations

Branches:
Dungeon (3/15)

Altars:

Annotations:
D:3 Sigmund


Innate Abilities, Weirdness & Mutations

You have a pair of horns on your head.
You reflexively headbutt those who attack you in melee.


Message History

You kill the ball python!
The adder closely misses you. The orc misses you. You furiously retaliate!
You headbutt the orc!
You kill the orc!
The orc barely misses you. Sigmund closely misses you.
You puncture the adder!
The adder is heavily wounded.
The bat hits you but does no damage. The adder bites you.
The bat completely misses you.
A kobold comes into view. It is wielding a +0 dagger.
The hobgoblin closely misses you. The orc closely misses you.
You hit the adder but do no damage.
The adder is heavily wounded.
The bat barely misses you. You furiously retaliate!
You headbutt the bat.
You kill the bat!
The adder barely misses you.
Sigmund hits you from afar with a +0 scythe!
* * * LOW HITPOINT WARNING * * *
The hobgoblin barely misses you. The orc hits you with a +0 flail!
* * * LOW HITPOINT WARNING * * *
The adder barely misses you. You furiously retaliate!
You headbutt the adder.
You are too injured to fight recklessly!
You are too injured to fight recklessly!
You are too injured to fight recklessly!
You are too injured to fight recklessly!
You are too injured to fight recklessly!
You are too injured to fight recklessly!
You are too injured to fight recklessly!
You are too injured to fight recklessly!
You are too injured to fight recklessly!
You are too injured to fight recklessly!
You are too injured to fight recklessly!
You are too injured to fight recklessly!
You are too injured to fight recklessly!
You are too injured to fight recklessly!
You are too injured to fight recklessly!
You are too injured to fight recklessly!
You are too injured to fight recklessly!
The adder attacks as you move away! The adder bites you.
You die...

##############
.............#
#######'####.####
#. ##.# #....#
#'##..#
#.##.######
#S@..#
#.##.......
#...JSog##
#.###.#####
.'...lK@B'. #.#
#.#
##.......##..#.#
#.# #....#r...
.#.# #.#
........... #..
..# ...K.......
'.. .##
###.....#### .


You could see Sigmund (invisible), an adder, an orc, an endoplasm, a giant
cockroach, a hobgoblin, a ball python, 2 kobolds, a frilled lizard and a rat.

Vanquished Creatures
  4 gnolls
  An adder (D:2)
  2 dart slugs (D:2)
  2 orcs (D:3)
  4 ball pythons
  2 bats
  7 endoplasms
  4 giant cockroaches (D:1)
  4 goblins
  4 hobgoblins
  3 quokkas
  6 kobolds
  2 rats
45 creatures vanquished.

Vanquished Creatures (others)
  A plant (D:1)
1 creature vanquished.

Grand Total: 46 creatures vanquished

Notes
Turn   | Place    | Note
-------+----------+-------------------------------------------
     0 | D:1      | Anon1729 the Minotaur Monk began the quest for the Orb.
     0 | D:1      | Reached XP level 1. HP: 19/19 MP: 0/0
   181 | D:1      | Reached XP level 2. HP: 27/27 MP: 1/1
   602 | D:1      | Reached skill level 1 in Short Blades
  1208 | D:2      | Reached skill level 1 in Armour
  1235 | D:2      | Reached XP level 3. HP: 27/33 MP: 2/2
  1397 | D:2      | Reached skill level 1 in Invocations
  1790 | D:3      | Found a faded altar of an unknown god.
  1952 | D:3      | Reached XP level 4. HP: 26/40 MP: 3/3
  2350 | D:3      | Noticed Sigmund
  2358 | D:3      | Slain by an adder

Illustrated notes

Levels and vault maps discovered:
D:1:      sevenhm_arrival_forest_fort_small_4, layout_rooms,
          serial_co_window_serial, co_window_corner_a,
          co_window_of_opportunity_a, co_window_paths_a, co_window_corner_a,
          co_window_paths_a, co_window_paths_a, co_window_paths_b,
          co_window_corner_b, co_window_broadway_c, co_window_corner_cb,
          co_window_paths_c, co_window_corner_ca, co_window_of_opportunity_c,
          co_window_corner_b, co_window_paths_d, co_window_4corner_a,
          minmay_misc_feat_rugged
D:2:      layout_rooms
D:3:      layout_basic, serial_shops, shop,
          shapermc_ecumenical_altar_mp_vishouse, minmay_statues_item,
          minmay_pentangle, uniq_crazy_yiuf_cottage, uniq_sigmund

Skill      XL: |  1  2  3 |
---------------+----------+-----
Short Blades   | 1 |  1.6
Armour         | 1 |  1.7
Fighting       | 4 |  4.2
Dodging        | 4 |  4.3
Invocations    | 1 |  1.3
Axes           | |  3.6

Action                     |  1- 3 |  4- 6 || total
---------------------------+-------+-------++-------
  Melee: Hand axe          |    29 |       ||    29
         Headbutt          |    19 |       ||    19
         Dagger            |    34 |    17 ||    51
    Use: Potion            |     1 |       ||     1
 Armour: Robe              |     4 |     2 ||     6
  Dodge: Dodged            |    47 |    30 ||    77
